 Dungeon Crawl Stone Soup version 0.20.0-15-g7f486f2 (webtiles) character file.

130 anfisbena the Cudgeler (level 5, -3/33 HPs)
             Began as a Gargoyle Fighter on June 22, 2017.
             Slain by Sigmund
             ... wielding a +0 scythe
              (10 damage)
             ... on level 3 of the Dungeon.
             The game lasted 00:02:00 (2130 turns).

anfisbena the Cudgeler (Gargoyle Fighter)           Turns: 2130, Time: 00:02:01

Health: -3/33      AC: 13    Str: 20    XL:     5   Next: 14%
Magic:  5/5        EV:  5    Int:  8    God:
Gold:   118        SH:  9    Dex: 10    Spells: 4/4 levels left

rFire    . . .     SeeInvis .   a - +0 flail
rCold    . . .     Gourm    .   c - +0 shield
rNeg     + . .     Faith    .   e - +0 chain mail
rPois    ∞         Spirit   .   (no helmet)
rElec    +         Reflect  .   (no cloak)
rCorr    +         Harm     .   (no gloves)
MR       .....                  (no boots)
Stlth    ..........             (no amulet)
Regen    0.2/turn               b - ring of resist corrosion
MPRegen  0.1/turn               (no ring)

@: no status effects
A: negative energy resistance 1, electricity resistance, unbreathing,
petrification resistance, rot immunity, AC +4
a: no special abilities


You were on level 3 of the Dungeon.
You were hungry.

You visited 1 branch of the dungeon, and saw 3 of its levels.

You collected 118 gold pieces.

Inventory:

Hand Weapons
 a - a +0 flail (weapon)
Armour
 c - a +0 shield (worn)
 e - a +0 chain mail (worn)
Jewellery
 b - a ring of resist corrosion (left hand)
Scrolls
 k - 2 scrolls of teleportation {unknown}
 l - 2 scrolls of remove curse {unknown}
 m - 2 scrolls of fear {unknown}
 o - a scroll of recharging {unknown}
 q - a scroll of blinking {unknown}
Potions
 d - 3 potions of might
 g - a potion of flight {unknown}
 h - a potion of berserk rage {unknown}
 i - a potion of haste {unknown}
 n - a potion of curing {unknown}
Comestibles
 f - 2 bread rations
 j - a royal jelly


   Skills:
 + Level 4.2 Fighting
 * Level 4.4 Maces & Flails
 - Level 3.2 Armour
 - Level 3.2 Shields


You had 4 spell levels left.
You didn't know any spells.

Dungeon Overview and Level Annotations

Branches:
Dungeon (3/15)

Altars:
Elyvilon
Xom
Zin

Annotations:
D:3 Sigmund


Innate Abilities, Weirdness & Mutations

You are resistant to torment.
Your stone body is resilient. (AC +4)
You are immune to poison.
You resist negative energy. (rN+)
You are resistant to electric shocks. (rElec)
You can survive without breathing.
You are immune to petrification.
You are immune to rotting.


Message History

Sigmund is moderately wounded.
You are feeling hungry.
Sigmund points at you and mumbles some strange words.
You resist with some effort.
Your shield and chain mail prevent you from hitting Sigmund.
Sigmund is moderately wounded.
You block Sigmund's attack.
You hit Sigmund.
Sigmund is moderately wounded.
Sigmund hits you with a scythe.
* * * LOW HITPOINT WARNING * * *
You thump Sigmund!
Sigmund is severely wounded.
You barely miss Sigmund.
Sigmund is severely wounded.
Sigmund barely misses you.
You closely miss Sigmund.
Sigmund is severely wounded.
Sigmund hits you with a scythe!
You die...

#. #.##########
#.#...@@...#
######.#.######[#
#......#.# #.#
#......#.# #.#
#####......#.######.#
..................#.#
#####......#(####.#.#
##.###.#.# #...# #.#
#.#.####...#


You could see Sigmund.

Vanquished Creatures
  5 adders
  2 worms (D:2)
  3 dart slugs
  2 leopard geckos
  An orc (D:3)
  2 giant cockroaches
  11 hobgoblins
  7 jackals (D:1)
  3 kobolds
  3 quokkas (D:2)
  10 bats
  A frilled lizard (D:1)
  8 goblins
  5 rats
63 creatures vanquished.

Vanquished Creatures (others)
  A goblin (D:2)
1 creature vanquished.

Grand Total: 64 creatures vanquished

Notes
Turn   | Place    | Note
-------+----------+-------------------------------------------
     0 | D:1      | anfisbena the Gargoyle Fighter began the quest for the Orb.
     0 | D:1      | Reached XP level 1. HP: 14/14 MP: 1/1
   165 | D:1      | Reached XP level 2. HP: 10/19 MP: 2/2
   494 | D:1      | Reached XP level 3. HP: 23/23 MP: 3/3
  1005 | D:2      | Found a white marble altar of Elyvilon.
  1030 | D:2      | Found a glowing silver altar of Zin.
  1053 | D:2      | Reached XP level 4. HP: 29/29 MP: 4/4
  1108 | D:2      | Found a shimmering altar of Xom.
  1769 | D:2      | Found a white marble altar of Elyvilon.
  1914 | D:3      | Reached XP level 5. HP: 29/33 MP: 5/5
  2083 | D:3      | Noticed Sigmund
  2130 | D:3      | Slain by Sigmund

Skill      XL: |  1  2  3  4 |
---------------+-------------+-----
Maces & Flails | 3 4 |  4.4
Fighting       | 4 |  4.2
Armour         | |  3.2
Shields        | |  3.2

Action                   |  1- 3 |  4- 6 || total
-------------------------+-------+-------++-------
Melee: Flail             |   128 |   136 ||   264
  Eat: Chunk             |     1 |     3 ||     4
Armor: Chain mail        |    92 |    89 ||   181
       Scale mail        |     1 |       ||     1
Dodge: Dodged            |    39 |    37 ||    76
Block: Shield            |    69 |    73 ||   142
